 Dungeon Crawl Stone Soup version 0.29.1-13-g9f3cf754e1 (webtiles) character file.

Game seed: 15853014099660885559

197 Balder the Trooper (level 5, 0/47 HPs)
             Began as a Hill Orc Fighter on Jan 24, 2023.
             Slain by an orc wizard
             ... wielding a +0 dagger
              (3 damage)
             ... on level 3 of the Dungeon.
             The game lasted 00:10:19 (2921 turns).

Balder the Trooper (Hill Orc Fighter)               Turns: 2921, Time: 00:10:20

Health: 0/47       AC:  8    Str: 19    XL:     5   Next: 75%
Magic:  5/5        EV:  9    Int:  8    God:
Gold:   84         SH:  5    Dex: 12    Spells: 4/4 levels left

rFire   . . .      SeeInvis .   a - +0 war axe
rCold   . . .      Faith    .   c - +0 buckler
rNeg    . . .      Spirit   .   b - +0 scale mail
rPois   .          Reflect  .   (no helmet)
rElec   .          Harm     .   r - +0 cloak
rCorr   +          Rampage  .   (no gloves)
Will    .....                   (no boots)
Stlth   ..........              (no amulet)
HPRegen 0.15/turn               m - ring of resist corrosion
MPRegen 0.09/turn               (no ring)

@: no status effects
A: no striking features
a: no special abilities


You were on level 3 of the Dungeon.
You visited 1 branch of the dungeon, and saw 3 of its levels.

You collected 123 gold pieces.
You spent 39 gold pieces at shops.

Inventory:

Hand Weapons
 a - a +0 war axe (weapon)
 q - a +0 sling
Missiles
 o - 5 poisoned darts (quivered)
 p - 2 datura-tipped darts
Armour
 b - a +0 scale mail (worn)
 c - a +0 buckler (worn)
 r - a +0 cloak (worn)
Jewellery
 m - a ring of resist corrosion (left hand)
Scrolls
 e - a scroll of summoning {unknown}
 j - a scroll of enchant weapon {unknown}
 k - 3 scrolls of identify {unknown}
 l - 4 scrolls of immolation {unknown}
 v - a scroll of teleportation {unknown}
 w - a scroll of poison {unknown}
Potions
 f - a potion of degeneration {unknown}
 g - a potion of lignification {unknown}
 h - 2 potions of heal wounds {unknown}
 i - a potion of attraction {unknown}
 n - 2 potions of brilliance {unknown}
 s - a potion of ambrosia {unknown}
 t - a potion of berserk rage {unknown}


   Skills:
 * Level 4.5 Fighting
 * Level 3.8(4.0) Axes
 + Level 0.8(2.1) Maces & Flails
 * Level 1.0 Throwing
 * Level 4.2 Armour
 * Level 1.3 Dodging
 + Level 0.8 Stealth
 * Level 4.0 Shields


You had 4 spell levels left.
You didn't know any spells.
Your spell library contained the following spells:

 Spells                   Type           Power      Damage    Failure   Level
 Beastly Appendage        Tmut           0%         N/A       86%         1
 Summon Small Mammal      Summ           0%         N/A       86%         1
 Ensorcelled Hibernation  Hex/Ice        0%         N/A       94%         2
 Wereblood                Tmut           0%         N/A       94%         2
 Call Canine Familiar     Summ           0%         N/A       99%         3
 Spider Form              Tmut/Pois      0%         N/A       99%         3
 Summon Guardian Golem    Hex/Summ       0%         N/A       99%         3
 Anguish                  Hex/Necr       0%         N/A       100%        4


Dungeon Overview and Level Annotations

Branches:
Dungeon (3/15)

Altars:
Xom

Shops:
D:3 !


Message History

Something hits you.
* * * LOW HITPOINT WARNING * * *
You hit something.
A kobold comes into view. It is wielding a +0 club.
Something hits you but does no damage.
You barely miss something. Something hits you but does no damage.
You hit something but do no damage. Something hits you but does no damage.
You hear some strange, mumbled words.
You are confused.
You closely miss something. Something hits you but does no damage.
You completely miss something. Something hits you.
* * * LOW HITPOINT WARNING * * *
You bump into the rock wall.
Something hits you but does no damage.
You bump into the rock wall.
Something hits you but does no damage.
You miss something.
You feel less confused.
An orc wizard appears from thin air!
Reactivating autopickup.
The orc wizard hits you but does no damage.
The orc wizard mumbles some strange words.
The orc wizard flickers and vanishes!
Deactivating autopickup; reactivate with Ctrl-A.
You miss something. You block something's attack.
You closely miss something.
Something hits you but does no damage. x2
You barely miss something. Something hits you.
* * * LOW HITPOINT WARNING * * *
You miss something.
You hear some strange, mumbled words.
A puff of flame appears from out of thin air!
The puff of flame hits you but does no damage.
You slash something! Something hits you but does no damage.
You barely miss something. Something hits you.
* * * LOW HITPOINT WARNING * * *
You hear some strange, mumbled words.
A magic dart appears from out of thin air!
The magic dart hits you.
* * * LOW HITPOINT WARNING * * *
You completely miss something. Something hits you but does no damage.
You barely miss something. Something hits you.
You die...

#..#.#...###...............
#..#.#.#..##...............
#..#.#.#..##...............
#..#.#.#..##...............
#..#.#.#.).#............... ##
#..#.#...#.)............... .#
#..#.###.##................
.######..#.#<#####.#############.
.#.........#.#K{@................
.#.........#.#.#####.###.........
...........#.#. #.###.........
##...........#K #..##.........
########.#####( ##.##......... #
#.# .( #..#......... ########.#
#. ##.>......... #..).....# #.
############ #.########


You could see a kobold.

Vanquished Creatures
  An orc priest (D:3)
  Ijyb (D:3)
  2 orc wizards (D:3)
  3 adders
  2 dart slugs
  An orc (D:3)
  7 ball pythons
  4 endoplasms
  4 giant cockroaches
  5 goblins
  5 hobgoblins
  3 jackals (D:2)
  5 bats
  8 kobolds
  11 rats
62 creatures vanquished.

Notes
Turn   | Place    | Note
-------+----------+-------------------------------------------
     0 | D:1      | Balder the Hill Orc Fighter began the quest for the Orb.
     0 | D:1      | Reached XP level 1. HP: 19/19 MP: 1/1
   189 | D:1      | Reached XP level 2. HP: 27/27 MP: 2/2
   213 | D:1      | You fall into a shaft and drop 1 floor!
   462 | D:1      | Reached XP level 3. HP: 33/33 MP: 3/3
   923 | D:2      | Found a faded altar of an unknown god.
  1312 | D:2      | Reached XP level 4. HP: 40/40 MP: 4/4
  1497 | D:2      | Found a shimmering altar of Xom.
  1814 | D:3      | Reached skill level 1 in Dodging
  1838 | D:3      | Found Pemar's Distillery.
  1887 | D:3      | Bought a potion of curing for 39 gold pieces
  2408 | D:3      | Noticed Ijyb
  2421 | D:3      | HP: 1/40 [Ijyb/bolt of light (12)]
  2425 | D:3      | Killed Ijyb
  2472 | D:3      | Reached XP level 5. HP: 9/46 MP: 5/5
  2903 | D:3      | Reached skill level 1 in Throwing
  2921 | D:3      | Slain by an orc wizard

Illustrated notes

Levels and vault maps discovered:
D:1:      lemuel_arrival_river_passageway, layout_basic, st_stairs_6,
          minmay_pentomino_p2
D:2:      layout_basic, basic_altar, nicolae_ecumenical_oubliette
D:3:      layout_basic, serial_shops, nicolae_shop_window_shopping, uniq_ijyb

Skill      XL: |  1  2  3  4  5 |
---------------+----------------+-----
Axes           | 3 |  3.8
Fighting       | 4 |  4.5
Dodging        | 1 |  1.3
Armour         | 4 |  4.2
Shields        | 4 |  4.0
Throwing       | 1 |  1.0
Maces & Flails | |  0.8
Stealth        | |  0.8

Action                   |  1- 3 |  4- 6 || total
-------------------------+-------+-------++-------
Melee: War axe           |   111 |    77 ||   188
Throw: Dart              |       |     4 ||     4
  Use: Potion            |       |     2 ||     2
Armor: Scale mail        |    55 |    44 ||    99
Dodge: Dodged            |    55 |    21 ||    76
Block: Buckler           |    23 |    13 ||    36
